FIQ, neutral male gnomish Wizard --- ..-- ----------- ------------ ...| |..........# |..........-# ..+ |.........|# |..<.......|# ..| |.........|# |..........|# .| |.........|# ----------.-# a ---.-------# ## # G ## # # # #f# # # ### # -------- # ### # # # |.......###########`# --|----------# ########## #######.......| # # |..$........|### ------.---- # |......+ ####### #### |..%..%!.!.(| # |.........| ##....---- ---|-# ##--------- |......%.%%%| ##...>......| |...| ....|# ##-.......| ------------- |.........| |...| |...|# |.......| ----------- ----- |...|######........| ....| --------- ----- FIQ the Evoker Experience level: 1 Strength: 10 Dexterity: 8 Constitution: 15 Intelligence: 20 Wisdom: 19 Charisma: 10 Health: 0(13) Energy: 14(14) Def: 8 Gold: 1305 Moves: 6412 Dungeon seed: Y9XRXMxGq9qA4zLf Game ID: FIQ_1444389151 Your Inventory: Coins $ - 1305 gold pieces Weapons a - a blessed +1 quarterstaff (weapon in hands) f - an uncursed +2 aklys (in quiver) Armor e - an uncursed +0 cloak of magic resistance (being worn) Comestibles U - an uncursed food ration Scrolls j - 2 uncursed scrolls of light m - 2 uncursed scrolls of identify q - a blessed scroll of fire E - a cursed scroll of identify F - a cursed scroll of teleportation K - an uncursed scroll of create monster Spellbooks b - a blessed spellbook of force bolt c - an uncursed spellbook of charm monster w - an uncursed spellbook of magic missile P - an uncursed spellbook of dig Potions h - an uncursed potion of booze i - an uncursed potion of sickness o - 2 uncursed potions of healing z - a cursed potion of gain energy H - an uncursed potion of see invisible I - an uncursed potion of sleeping Q - an uncursed potion of extra healing V - a cursed potion of fruit juice Rings M - a cursed -1 ring of increase damage named cursed Wands d - an uncursed wand of nothing (0:7) Tools k - an uncursed skeleton key t - an uncursed towel A - an uncursed magic marker (0:40) Gems p - an uncursed worthless piece of white glass Spells and supernatural/magical abilities: Name Level Category Fail Memory a - force bolt 1 attack 0% 68% e - charm monster 3 enchantment 29% 68% m - magic missile 2 attack 0% 80% W - pray for help -- divine ? -- Your skills at the end: Miscellaneous Skills wands [Basic] Weapon Skills quarterstaff [Basic] crossbow [Basic] Spellcasting Skills attack spells [Basic] enchantment spells [Basic] Final Attributes: You were devoutly aligned. You were magic-protected. You were stunned. You had infravision. You were protected. You are dead. Vanquished creatures: a bugbear a rock mole a rock piercer 2 shriekers 2 red naga hatchlings a black naga hatchling a golden naga hatchling a giant ant a little dog 2 dwarves 3 homunculi 2 iguanas a giant bat a monkey 2 orc zombies 6 dwarf zombies a werejackal a coyote 4 hobbits an acid blob 2 large kobolds 4 geckos 4 hobgoblins 2 giant rats 4 cave spiders 2 red molds 2 gnomes 2 gnome zombies 20 jackals 3 foxes 3 kobolds 9 newts 2 goblins a sewer rat 8 grid bugs 2 bats 4 lichens 2 kobold zombies 111 creatures vanquished. Voluntary challenges: You did not adorn yourself with jewelry or accessories. You never hit with a wielded weapon. You were a pacifist. You did not apply a unicorn horn. You read items or engraved 11 times, starting on turn 1229. You never genocided any monsters. You never polymorphed an object. You never changed form. You used no wishes. You never split a pudding. You wrote Elbereth's name 7 times, starting on turn 1229. You never violated your personal moral code. Dungeon overview: The Dungeons of Doom: levels 1 to 8 Level 1 some fountains a long staircase Level 2 Level 3 a fountain, a sink stairs to The Gnomish Mines Level 4 a general store, a fountain Level 5 a scroll shop, an altar to Thoth Level 6 a throne Level 7 a fountain Level 8 <- You were here a delicatessen The Gnomish Mines: levels 4 to 7 Level 4 stairs to The Dungeons of Doom Level 5 Level 6 Level 7 many shops, a temple to Ptah, a magic chest, some fountains, some trees History has recorded: On T:1 you entered the Dungeons of Doom to retrieve the Amulet of Yendor! On T:424 you reached level 2 of The Dungeons of Doom. On T:993 you reached level 3 of The Dungeons of Doom. On T:1175 you reached level 1 of The Gnomish Mines. On T:1202 you reached level 2 of The Gnomish Mines. On T:1763 you reached level 3 of The Gnomish Mines. On T:2064 you reached level 4 of The Gnomish Mines. On T:2318 you entered the Minetown temple On T:2326 you opened a magic chest. On T:2332 you opened a magic chest. On T:3036 you opened a magic chest. On T:3036 you opened a magic chest. On T:4547 you reached level 4 of The Dungeons of Doom. On T:5056 you reached level 5 of The Dungeons of Doom. On T:5420 you reached level 6 of The Dungeons of Doom. On T:5837 you reached level 7 of The Dungeons of Doom. On T:6042 you reached level 8 of The Dungeons of Doom. Score breakdown: Gold: 1305 ( 130 points) Experience: 1 level ( 0 points) Exploration: 8 levels ( 210 points) Discoveries: 7 items ( 350 points) Variety of kills: 38 monsters ( 1900 points) Major goal: reached Minetown ( 500 points) Survival: died (score multiplied by 3) Total score: 9270 Latest messages: The large cat picks up a food ration. You succeed in opening the tin. It smells like cave spiders. You consume stir fried cave spider. You consume candied hill orc. o - an uncursed cloudy potion. x - 2 uncursed puce potions. z - a cursed puce potion. h - an uncursed swirly potion. A - an uncursed magic marker. t - an uncursed towel. p - an uncursed white gem. The giant ant bites! You die... Final status: Goodbye FIQ the Wizard, killed by a giant ant... You died in The Dungeons of Doom on dungeon level 8 with 9270 points, and 1305 pieces of gold, after 6412 moves. You were level 1 with a maximum of 13 hit points when you died.